[Event "Titled Tuesday Blitz November 14 Early 2023"]
[White "Omariev, Maksim"]
[Black "Makhnev, Denis"]
[WhiteFideId "4193423"]
[BlackFideId "13707647"]
[WhiteElo "2488"]
[BlackElo "2648"]
[Result "0-1"]
[Round "6"]
[TimeControl "180+1"]
[Date "2023.11.14"]
[WhiteClock "0:00:00"]
[BlackClock "0:00:12"]
[Board "80"]

1. g4 e6 2. Bg2 h5 3. gxh5 Nf6 4. d4 d5 5. c4 dxc4 6. Nc3 Nc6 7. Nf3 Rxh5 8. Bf4 Bb4 9. Rc1 Rb8 10. a4 Bd6 11. Bg3 e5 12. d5 Na5 13. O-O Bh3 14. Nb5 Bxg2 15. Kxg2 Qd7 16. Ng1 a6 17. Nc3 Nb3 18. Rc2 b5 19. axb5 axb5 20. e3 Qf5 21. Re2 Qd3 22. Qe1 b4 23. Nd1 Qxd5+ 24. e4 Qd3 25. f3 Nd4 26. Rd2 Qb3 27. Ne3 g6 28. Rff2 Kf8 29. Ne2 Nxe2 30. Qxe2 c3 31. bxc3 bxc3 32. Rc2 Kg7 33. Qd3 Bc5 34. Rxc3 Qb5 35. Qc2 Bxe3 36. Rxe3 Qd7 37. Rd3 Qh3+ 38. Kg1 Ra8 39. Rd1 Qe6 40. Qxc7 Ra2 41. Rxa2 Qxa2 42. Qxe5 Rxe5 43. Bxe5 Qe2 44. Rf1 Qe3+ 45. Kg2 Qg5+ 46. Bg3 Nh5 47. f4 Qg4 48. e5 Qe2+ 49. Rf2 Qe4+ 50. Kg1 Nxg3 51. hxg3 g5 52. Kh2 g4 53. Kg1 Kg6 54. Kh2 Kf5 55. Kg1 Qe1+ 56. Kg2 Ke4 57. Rf1 Qe2+ 58. Rf2 Qd1 59. Rf1 Qd3 60. Rf2 Kf5 61. Rf1 Qe3 62. Rf2 Qd3 63. Rf1 Qc2+ 64. Rf2 Qc6+ 65. Kg1 Qa8 66. Kh2 Qh8+ 67. Kg2 Qh3+ 68. Kg1 Qxg3+ 69. Kf1 Qxf4 0-1


[Site "https://www.chess.com"]

[Event "Titled Tuesday Blitz November 14 Early 2023"]
[White "Al-Tarboush, Ward"]
[Black "arenal72"]
[WhiteFideId "7601450"]
[WhiteElo "2641"]
[BlackElo "2486"]
[Result "0-1"]
[Round "6"]
[TimeControl "180+1"]
[Date "2023.11.14"]
[WhiteClock "0:00:03"]
[BlackClock "0:01:10"]
[Board "81"]

1. e4 Nc6 2. Nf3 d6 3. d4 Nf6 4. d5 Nb8 5. Nc3 g6 6. Bg5 Bg7 7. Qd2 c6 8. dxc6 Nxc6 9. O-O-O Bg4 10. h3 Bxf3 11. gxf3 O-O 12. h4 Nh5 13. Bh3 Ne5 14. Bg4 Qb6 15. Nd5 Qa6 16. Nb4 Qa4 17. c3 a5 18. Qc2 axb4 19. Qxa4 Rxa4 20. Bxh5 gxh5 21. Rhg1 f6 22. Bh6 Ng6 23. Bxg7 Kxg7 24. f4 Kf7 25. f5 Nf4 26. Kc2 bxc3 27. f3 Rxa2 28. Kxc3 Ne2+ 29. Kb3 Nxg1 30. Kxa2 Nxf3 31. Rd3 Ne5 32. Rb3 Rb8 33. Kb1 b5 34. Kc2 b4 35. Kd2 e6 36. Ke3 exf5 37. exf5 Rb5 38. Kd4 Nc6+ 39. Kc4 Rc5+ 40. Kd3 Rxf5 41. Ke4 Re5+ 42. Kf4 d5 43. Rd3 Re4+ 44. Kg3 Rg4+ 45. Kh3 Rd4 46. Rf3 Ne5 47. Rf2 Rd3+ 48. Kg2 b3 49. Re2 Ng6 50. Kh2 Nxh4 51. Rf2 Ng6 52. Rf1 h4 53. Ra1 Ne5 54. Ra8 Ng4+ 55. Kg1 h3 56. Ra1 Rd2 57. Kh1 Rxb2 58. Re1 Rc2 59. Rf1 Rh2+ 60. Kg1 Rg2+ 61. Kh1 Nf2+ 62. Rxf2 Rxf2 63. Kg1 Rc2 64. Kh1 b2 0-1


[Site "https://www.chess.com"]

[Event "Titled Tuesday Blitz November 14 Early 2023"]
[White "Devaev, Alexander"]
[Black "Kuzhylnyi, Oleksandr"]
[WhiteFideId "4169395"]
[BlackFideId "34110500"]
[WhiteElo "2471"]
[BlackElo "2636"]
[Result "1-0"]
[Round "6"]
[TimeControl "180+1"]
[Date "2023.11.14"]
[WhiteClock "0:00:09"]
[BlackClock "0:00:06"]
[Board "82"]

1. Nf3 g6 2. d4 Bg7 3. c4 d6 4. Nc3 Nf6 5. e4 O-O 6. h3 Nbd7 7. Bg5 e5 8. d5 Qe7 9. g4 Kh8 10. Rg1 a5 11. Be2 Nc5 12. Nd2 c6 13. h4 a4 14. h5 h6 15. Be3 g5 16. f3 cxd5 17. cxd5 Bd7 18. Bxc5 dxc5 19. Bb5 a3 20. b3 Ne8 21. Nc4 Nd6 22. Bxd7 Qxd7 23. Qe2 Ra6 24. O-O-O Nc8 25. Nd2 Nd6 26. Nc4 Nc8 27. Ne3 Nd6 28. Nf5 Nxf5 29. gxf5 Bf6 30. Qb5 Qe7 31. d6 Rxd6 32. Rxd6 Qxd6 33. Rd1 Qc6 34. Qxc6 bxc6 35. Rd6 Kg7 36. Rxc6 g4 37. fxg4 Bg5+ 38. Kd1 Be3 39. Nd5 Bd4 40. Ke2 Rb8 41. f6+ Kf8 42. Kd3 Ke8 43. Kc4 Kd7 44. Ra6 Rg8 45. Ra7+ Ke6 46. Re7+ Kd6 47. Rxf7 Rxg4 48. Rg7 Rxe4 49. f7 Bb2+ 50. Kd3 Rd4+ 51. Ke2 Kxd5 52. f8=Q Rf4 53. Qa8+ Ke6 54. Rg6+ Kf5 55. Qg2 Bd4 56. Qh3+ Ke4 57. Qh1+ Kf5 58. Qh3+ Ke4 59. Qd3+ Kd5 60. Rg2 e4 61. Qc4+ Ke5 62. Qg8 Rf5 63. Qe8+ Kf4 64. Qb8+ Be5 65. Qg8 Bd4 66. Qg4+ Ke5 67. Qg8 Kf4 68. Qg3# 1-0


[Site "https://www.chess.com"]

[Event "Titled Tuesday Blitz November 14 Early 2023"]
[White "GatoRojo150"]
[Black "UNSTOPPABLE_LEGEND"]
[WhiteElo "2633"]
[BlackElo "2470"]
[Result "1-0"]
[Round "6"]
[TimeControl "180+1"]
[Date "2023.11.14"]
[WhiteClock "0:02:41"]
[BlackClock "0:02:15"]
[Board "83"]

1. e4 c6 2. Nc3 d5 3. Nf3 Bg4 4. Be2 e6 5. d4 Nf6 6. e5 Nfd7 7. Ng5 Bxe2 8. Qxe2 Be7 9. Qh5 g6 10. Qh6 Bf8 11. Qh3 Bg7 12. O-O h6 13. Nxe6 fxe6 14. Qxe6+ Qe7 15. Qxg6+ Kd8 16. f4 Nf8 17. Qh5 Qe8 18. Qh4+ Kc8 19. f5 Rg8 20. f6 Bh8 21. f7 1-0


[Site "https://www.chess.com"]

[Event "Titled Tuesday Blitz November 14 Early 2023"]
[White "Mazurkiewicz, Michal"]
[Black "Fromm, Marius"]
[WhiteFideId "1124943"]
[BlackFideId "12993190"]
[WhiteElo "2458"]
[BlackElo "2633"]
[Result "0-1"]
[Round "6"]
[TimeControl "180+1"]
[Date "2023.11.14"]
[WhiteClock "0:00:00"]
[BlackClock "0:01:06"]
[Board "84"]

1. e4 c5 2. Nf3 e6 3. d3 Nc6 4. g3 d5 5. Nbd2 Nge7 6. Bg2 g6 7. O-O Bg7 8. Re1 O-O 9. Qe2 e5 10. exd5 Nxd5 11. Nc4 Re8 12. c3 b6 13. Nfxe5 Nxe5 14. f4 Nf3+ 15. Qxf3 Rxe1+ 16. Kf2 Rxc1 17. Rxc1 Be6 18. Ne3 Nc7 19. g4 Rb8 20. f5 Bxa2 21. Rf1 Qd6 22. Kg1 Re8 23. fxg6 fxg6 24. Qf7+ Bxf7 25. Nc4 Qxd3 0-1


[Site "https://www.chess.com"]

[Event "Titled Tuesday Blitz November 14 Early 2023"]
[White "FoxOnTheRun97"]
[Black "Begunov, Konstantin"]
[BlackFideId "4118510"]
[WhiteElo "2625"]
[BlackElo "2446"]
[Result "1/2-1/2"]
[Round "6"]
[TimeControl "180+1"]
[Date "2023.11.14"]
[WhiteClock "0:00:07"]
[BlackClock "0:00:11"]
[Board "85"]

1. d4 d5 2. c4 c6 3. Nf3 Nf6 4. g3 Bf5 5. Nc3 e6 6. Nh4 Bg4 7. h3 Bh5 8. g4 Ne4 9. Nxe4 dxe4 10. Ng2 Bg6 11. Nf4 Bb4+ 12. Bd2 Bd6 13. Bg2 Bxf4 14. Bxf4 Nd7 15. e3 O-O 16. b4 Re8 17. Bg3 e5 18. d5 cxd5 19. Qxd5 Nb6 20. Qxd8 Raxd8 21. c5 Nd5 22. a3 Nc3 23. O-O Ne2+ 24. Kh2 Rd3 25. Rfb1 f6 26. Bf1 Rd2 27. Rd1 Red8 28. Rxd2 Rxd2 29. Rb1 Nxg3 30. Kxg3 Bf7 31. b5 Be8 32. Bc4+ Kf8 33. b6 axb6 34. Rxb6 Rc2 35. Bd5 Rxc5 36. Bxe4 Bc6 37. Bxc6 bxc6 38. Rb8+ Kf7 39. Rb7+ Kg6 40. h4 h6 41. h5+ Kh7 42. Ra7 Rc2 43. Kf3 c5 44. a4 c4 45. a5 c3 46. Rc7 Ra2 47. Rxc3 Rxa5 48. Kg3 Ra2 49. f3 Ra4 50. f4 exf4+ 51. exf4 Ra5 52. Rd3 Rb5 53. Rc3 Ra5 54. Rc7 Rb5 55. Kh4 Ra5 56. Kg3 Rb5 57. Rc3 Ra5 1/2-1/2


[Site "https://www.chess.com"]

[Event "Titled Tuesday Blitz November 14 Early 2023"]
[White "Belov, Alexei"]
[Black "Preobrazhenska_D2011"]
[WhiteFideId "4128206"]
[WhiteElo "2623"]
[BlackElo "2446"]
[Result "0-1"]
[Round "6"]
[TimeControl "180+1"]
[Date "2023.11.14"]
[WhiteClock "0:00:12"]
[BlackClock "0:00:05"]
[Board "86"]

1. e4 c5 2. Nf3 d6 3. d4 cxd4 4. Nxd4 Nf6 5. Nc3 a6 6. Be2 e5 7. Nb3 Be7 8. O-O O-O 9. Kh1 Nc6 10. f4 exf4 11. Bxf4 Ne5 12. Qe1 Qc7 13. Qg3 Kh8 14. Rad1 Be6 15. Nd4 Bd7 16. Bg5 Qd8 17. Nf5 Bxf5 18. Rxf5 Rc8 19. Rxe5 h6 20. Bxf6 Bxf6 21. Red5 Qb6 22. Na4 Qb4 23. b3 Qxe4 24. Qd3 Qh4 25. g3 Qb4 26. c4 b5 27. cxb5 axb5 28. Qxb5 Qe4+ 29. Kg1 Rc2 30. R5d2 Bd4+ 31. Rxd4 Qe3+ 32. Kf1 Re8 33. Qd3 Rxe2 34. Qxe3 R2xe3 35. Rxd6 Rf3+ 36. Kg2 Rfe3 37. Rd8 Re2+ 38. Kf3 Re3+ 39. Kg2 Re2+ 40. Kh3 Rxd8 41. Rxd8+ Kh7 42. Nc3 Rc2 43. Rc8 g5 44. Kg4 Kg6 45. Rc6+ f6 46. h3 Rf2 47. h4 h5+ 48. Kh3 g4# 0-1


[Site "https://www.chess.com"]

[Event "Titled Tuesday Blitz November 14 Early 2023"]
[White "Gontcharov, Vladislav"]
[Black "YouShallNotPass001"]
[WhiteFideId "4123492"]
[WhiteElo "2620"]
[BlackElo "2436"]
[Result "0-1"]
[Round "6"]
[TimeControl "180+1"]
[Date "2023.11.14"]
[WhiteClock "0:00:00"]
[BlackClock "0:01:37"]
[Board "87"]

1. d4 Nf6 2. c4 e6 3. Nc3 d5 4. cxd5 exd5 5. Bg5 c6 6. e3 Be7 7. Bd3 Nbd7 8. Nge2 O-O 9. O-O Re8 10. a3 a5 11. Rb1 b5 12. Rc1 Nb6 13. Bxf6 Bxf6 14. e4 dxe4 15. Nxe4 Nc4 16. Nxf6+ Qxf6 17. Bxc4 bxc4 18. Nc3 Bf5 19. Qf3 Bd3 20. Qxf6 gxf6 21. Rfd1 Rad8 22. b3 Rxd4 23. bxc4 Red8 24. c5 Bg6 25. Kf1 Kf8 26. Ke2 Re8+ 27. Kf1 Rc4 28. Ne2 Rxc1 29. Nxc1 Re5 30. Nb3 a4 31. Nd4 Rxc5 32. Ke2 Rc3 33. Rd2 c5 34. Nb5 Rb3 35. Nc7 Rxa3 36. Rd8+ Ke7 37. Ra8 Ra1 38. Ra7 Kd6 39. Nb5+ Kc6 40. Nc3 a3 41. Ra6+ Kb7 42. Ra5 c4 43. Ke3 Bc2 44. Kd4 Bb3 0-1


[Site "https://www.chess.com"]

[Event "Titled Tuesday Blitz November 14 Early 2023"]
[White "Feuerstack, Aljoscha"]
[Black "Haitin, Ilja"]
[WhiteFideId "4681932"]
[BlackFideId "4501764"]
[WhiteElo "2618"]
[BlackElo "2427"]
[Result "1-0"]
[Round "6"]
[TimeControl "180+1"]
[Date "2023.11.14"]
[WhiteClock "0:00:16"]
[BlackClock "0:00:00"]
[Board "88"]

1. e4 e5 2. Bc4 Nc6 3. Nc3 Nf6 4. d3 Na5 5. Qf3 Nxc4 6. dxc4 Bb4 7. Ne2 d6 8. O-O Be6 9. b3 O-O 10. Bg5 h6 11. Bxf6 Qxf6 12. Qxf6 gxf6 13. Nd5 Ba5 14. Nxf6+ Kg7 15. Nh5+ Kg6 16. Nhg3 h5 17. f4 Bb6+ 18. Kh1 exf4 19. Nxf4+ Kg5 20. Nfxh5 Rh8 21. Nf4 Bd4 22. Rad1 Be5 23. Nxe6+ fxe6 24. Rd3 c5 25. h3 Raf8 26. Rdf3 Rxf3 27. Rxf3 Bxg3 28. Rxg3+ Kf4 29. Rd3 Rd8 30. g4 Kxe4 31. Kg2 d5 32. Kg3 d4 33. h4 Rf8 34. h5 Rf1 35. Kg2 Rf4 36. Rg3 Rf8 37. h6 Rh8 38. g5 Kf4 39. g6 Rxh6 40. g7 1-0


[Site "https://www.chess.com"]

[Event "Titled Tuesday Blitz November 14 Early 2023"]
[White "Jamal-Jamal-Jamal"]
[Black "Karamsetty, Jeevan"]
[BlackFideId "2025337"]
[WhiteElo "2421"]
[BlackElo "2614"]
[Result "1/2-1/2"]
[Round "6"]
[TimeControl "180+1"]
[Date "2023.11.14"]
[WhiteClock "0:00:04"]
[BlackClock "0:00:11"]
[Board "89"]

1. e4 d6 2. d4 Nf6 3. Nc3 e5 4. Nge2 Nbd7 5. a4 Be7 6. h3 O-O 7. g4 exd4 8. Nxd4 Nc5 9. Bg2 Ne8 10. Be3 c6 11. Qd2 Qa5 12. O-O Qc7 13. a5 Bf6 14. f4 Ne6 15. Nce2 Nxd4 16. Nxd4 c5 17. Nb5 Qd7 18. Nc3 Nc7 19. g5 Be7 20. Rad1 Qe8 21. f5 f6 22. Nd5 Nxd5 23. Qxd5+ Kh8 24. Rfe1 Bd7 25. Bc1 Bc6 26. Qc4 fxg5 27. b4 cxb4 28. Bb2 Bf6 29. Qxb4 Qh5 30. Bxf6 Rxf6 31. Rxd6 Rff8 32. a6 Rab8 33. axb7 Bxb7 34. Qd4 Qh4 35. Re2 Qf4 36. Rd7 Rg8 37. Qxa7 Qc1+ 38. Kh2 Qf4+ 39. Kg1 Ba6 40. Re1 Bb5 41. Rdd1 g4 42. Qf2 Qg5 43. hxg4 Qxg4 44. Qf3 Qg5 45. Qe3 Qh5 46. Rd2 Rbe8 47. Qf3 Qh4 48. Qf2 Qf6 49. Qf4 Re5 50. Rd5 Rge8 51. Rxe5 Rxe5 52. Bf3 h6 53. Kf2 Bd7 54. Qd2 Qb6+ 55. Qe3 Qc7 56. Qd3 Bb5 57. Qd2 Qc5+ 58. Kg3 Qe7 59. Rh1 Qc7 60. Qf4 Qe7 61. f6 Qxf6 62. Qxf6 gxf6 63. Rxh6+ Kg7 64. Rh2 Bc6 65. Kf4 Rc5 66. Rd2 Kf7 67. Bg4 Ke7 68. Bf3 Ke6 69. Ke3 Ke5 70. Kd3 Bb5+ 71. Ke3 Rc3+ 72. Kf2 Bc6 73. Bg2 Kf4 74. Bh1 Bxe4 75. Bxe4 Kxe4 76. Ke2 f5 77. Kf2 f4 78. Rd8 Rxc2+ 79. Kf1 Kf3 80. Rd3+ Kg4 81. Ra3 f3 82. Ra8 Rc1+ 83. Kf2 Rc2+ 84. Kf1 Kf4 85. Ke1 Ke3 86. Re8+ Kd3 87. Rd8+ Ke4 88. Re8+ Kd4 89. Rd8+ Ke3 90. Re8+ Kf4 91. Rf8+ Kg5 92. Rg8+ Kh4 93. Kf1 Re2 94. Rg7 Kh5 95. Rg8 Kh6 96. Rg3 Re3 97. Kf2 Ra3 98. Rxf3 Rxf3+ 99. Kxf3 1/2-1/2


[Site "https://www.chess.com"]

[Event "Titled Tuesday Blitz November 14 Early 2023"]
[White "Goldin, Roman"]
[Black "Souleidis, Georgios"]
[WhiteFideId "2803860"]
[BlackFideId "4206827"]
[WhiteElo "2420"]
[BlackElo "2609"]
[Result "0-1"]
[Round "6"]
[TimeControl "180+1"]
[Date "2023.11.14"]
[WhiteClock "0:00:00"]
[BlackClock "0:00:13"]
[Board "90"]

1. e4 c5 2. Nf3 e6 3. c3 d5 4. exd5 exd5 5. Bb5+ Nc6 6. O-O Bd6 7. Re1+ Ne7 8. d3 O-O 9. Bg5 Qc7 10. Nbd2 Bg4 11. Qa4 Bh5 12. Bxc6 Nxc6 13. Qh4 Bg6 14. d4 cxd4 15. Nxd4 Nxd4 16. Qxd4 Bxh2+ 17. Kh1 h6 18. Nf3 Bd6 19. Bh4 Qc4 20. Qxc4 dxc4 21. Rad1 Bd3 22. Be7 Bxe7 23. Rxe7 b5 24. Ne5 Bf5 25. Rb7 a6 26. Rd6 Be6 27. f3 Rfd8 28. Rxd8+ Rxd8 29. Rb6 Rd5 0-1


[Site "https://www.chess.com"]

[Event "Titled Tuesday Blitz November 14 Early 2023"]
[White "Ahmad, Khagan"]
[Black "Lacasa Diaz, Jose Antonio"]
[WhiteFideId "13431552"]
[BlackFideId "2203375"]
[WhiteElo "2605"]
[BlackElo "2358"]
[Result "1-0"]
[Round "6"]
[TimeControl "180+1"]
[Date "2023.11.14"]
[WhiteClock "0:00:05"]
[BlackClock "0:00:08"]
[Board "91"]

1. e4 c5 2. Nf3 d6 3. d4 cxd4 4. Nxd4 Nf6 5. Nc3 e6 6. g4 e5 7. Nf5 h5 8. Bg5 hxg4 9. Bxf6 Qxf6 10. Nb5 Bxf5 11. Nc7+ Kd8 12. Nd5 Qg5 13. exf5 Qxf5 14. Bg2 Nc6 15. c3 Be7 16. Qb3 Bh4 17. O-O Kc8 18. Qa3 Rh6 19. Nb6+ axb6 20. Qxa8+ Kc7 21. a4 Qf4 22. a5 bxa5 23. Bxc6 Kxc6 24. Ra4 e4 25. Qe8+ Kb6 26. Qxe4 Qxe4 27. Rxe4 Bf6 28. Rxg4 Be5 29. f4 Bf6 30. Re1 Kc6 31. Re8 Kd7 32. Ra8 b6 33. Ra7+ Ke6 34. Rg2 Rh4 35. Re2+ Kf5 36. Rxf7 Rxf4 37. Rf2 Rxf2 38. Kxf2 Ke4 39. Rb7 Bh4+ 40. Ke2 Bg5 41. Rxb6 Bf4 42. h3 a4 43. Rb4+ Ke5 44. Rxa4 1-0


[Site "https://www.chess.com"]

[Event "Titled Tuesday Blitz November 14 Early 2023"]
[White "Aaditya Dhingra"]
[Black "Kraus, Tomas"]
[WhiteFideId "25678191"]
[BlackFideId "331708"]
[WhiteElo "2604"]
[BlackElo "2345"]
[Result "1-0"]
[Round "6"]
[TimeControl "180+1"]
[Date "2023.11.14"]
[WhiteClock "0:01:44"]
[BlackClock "0:01:58"]
[Board "92"]

1. e4 e6 2. d3 d5 3. Nd2 Nf6 4. Ngf3 Be7 5. g3 c5 6. Bg2 Nc6 7. O-O O-O 8. e5 Nd7 9. Re1 b5 10. Nf1 Qc7 11. Bf4 Bb7 12. h4 Rfc8 13. N1h2 Qd8 14. h5 h6 15. Ng4 Bf8 16. Qd2 a5 17. Nfh2 Kh7 18. c4 bxc4 19. dxc4 Nd4 20. cxd5 Bxd5 21. Bxd5 exd5 22. Be3 f5 23. exf6 Nxf6 24. Bxd4 cxd4 25. Qxd4 Rc4 26. Qd3+ Kg8 27. Nxf6+ Qxf6 28. Qxd5+ 1-0


[Site "https://www.chess.com"]

[Event "Titled Tuesday Blitz November 14 Early 2023"]
[White "borocotoajua"]
[Black "Ruge, Edison"]
[BlackFideId "4401000"]
[WhiteElo "2601"]
[BlackElo "2335"]
[Result "1-0"]
[Round "6"]
[TimeControl "180+1"]
[Date "2023.11.14"]
[WhiteClock "0:01:10"]
[BlackClock "0:00:07"]
[Board "93"]

1. d4 d5 2. Nf3 e6 3. c4 c6 4. g3 f5 5. Bg2 Nf6 6. O-O Be7 7. b3 O-O 8. Bb2 Bd7 9. Nbd2 Be8 10. Qc2 Bh5 11. Ng5 Qd7 12. Ndf3 Ne4 13. Ne5 Qc8 14. Nxe4 fxe4 15. Bh3 Bf7 16. f3 exf3 17. Rxf3 Bf6 18. Nxf7 Kxf7 19. Qxh7 Ke8 20. Raf1 Qd7 21. Ba3 Bxd4+ 22. e3 Rxf3 23. Rxf3 Kd8 24. exd4 dxc4 25. Qg8+ Kc7 26. Rf7 Na6 27. Rxd7+ 1-0


[Site "https://www.chess.com"]

[Event "Titled Tuesday Blitz November 14 Early 2023"]
[White "DavitSantryan02"]
[Black "Skatchkov, Valery"]
[BlackFideId "24195812"]
[WhiteElo "1904"]
[BlackElo "2599"]
[Result "1-0"]
[Round "6"]
[TimeControl "180+1"]
[Date "2023.11.14"]
[WhiteClock "0:00:29"]
[BlackClock "0:00:00"]
[Board "94"]

1. d4 Nf6 2. e3 d5 3. Bd3 Bg4 4. Ne2 Nbd7 5. h3 Bh5 6. b3 e5 7. dxe5 Nxe5 8. Bb2 Bd6 9. g4 Nf3+ 10. Kf1 Bg6 11. Bxg6 hxg6 12. Nec3 Ne5 13. Nxd5 Nfxg4 14. Nd2 Qh4 15. Qe2 O-O-O 16. Kg2 Nf6 17. Nxf6 gxf6 18. f4 Nc6 19. Qg4+ Qxg4+ 20. hxg4 Rhe8 21. Bxf6 Be7 22. Bc3 Bb4 23. Bxb4 Nxb4 24. Nc4 Nxc2 25. Rac1 Nxe3+ 26. Kf3 Nxc4 27. Rxc4 Rd3+ 28. Kf2 Rd2+ 29. Kf3 Rxa2 30. Rh7 Re7 31. f5 gxf5 32. gxf5 b6 33. Rd4 Ra5 34. Kf4 Rb5 35. b4 c6 36. f6 Rc7 37. Re4 Rd7 38. Rh8+ Kc7 39. Rf8 Rbd5 40. Re7 Rd4+ 41. Kg5 Kd6 42. Rxd7+ Kxd7 43. Rxf7+ Ke6 44. Re7+ Kd6 45. Rxa7 Rd1 46. f7 Rf1 47. Kg6 Ke6 48. Rc7 1-0


[Site "https://www.chess.com"]

[Event "Titled Tuesday Blitz November 14 Early 2023"]
[White "BardArtem"]
[Black "Kochiev, Ivan"]
[BlackFideId "2917890"]
[WhiteElo "2822"]
[BlackElo "2540"]
[Result "1-0"]
[Round "6"]
[TimeControl "180+1"]
[Date "2023.11.14"]
[WhiteClock "0:00:17"]
[BlackClock "0:00:03"]
[Board "95"]

1. e4 e5 2. d4 exd4 3. Qxd4 Nc6 4. Qd3 Nf6 5. Nc3 h6 6. Nf3 Bc5 7. Be3 Nb4 8. Qd2 Bxe3 9. fxe3 O-O 10. O-O-O Re8 11. e5 Nh7 12. Bc4 Nc6 13. Rhf1 Rf8 14. Kb1 Ng5 15. e4 Nxf3 16. gxf3 Nxe5 17. Bb3 d6 18. f4 Nc6 19. Rg1 Kh8 20. Rg3 Be6 21. Rdg1 Rg8 22. Bxe6 fxe6 23. Rg6 Qd7 24. Ne2 Raf8 25. a3 Ne7 26. R6g2 d5 27. f5 e5 28. Rxg7 Qd6 29. R1g6 Qxg6 30. Rxg6 Nxg6 31. Qxh6# 1-0


[Site "https://www.chess.com"]

[Event "Titled Tuesday Blitz November 14 Early 2023"]
[White "TomLiu777"]
[Black "Rosen, Eric"]
[BlackFideId "2032562"]
[WhiteElo "2533"]
[BlackElo "2772"]
[Result "1/2-1/2"]
[Round "6"]
[TimeControl "180+1"]
[Date "2023.11.14"]
[WhiteClock "0:00:06"]
[BlackClock "0:00:02"]
[Board "96"]

1. c4 e6 2. Nc3 d5 3. d4 Nf6 4. Bg5 c6 5. cxd5 exd5 6. e3 Bd6 7. Bd3 h6 8. Bh4 O-O 9. Qc2 Re8 10. Nge2 a5 11. O-O Bxh2+ 12. Kxh2 Ng4+ 13. Kg3 g5 14. Bf5 gxh4+ 15. Kh3 Qg5 16. Bxc8 Rxc8 17. g3 Nf6 18. Kg2 Ng4 19. Kh3 Nf6 20. Kg2 hxg3 21. Nxg3 Qg6 22. Qf5 Nbd7 23. Rh1 Kh7 24. Rag1 Rg8 25. Kf1 Qxf5 26. Nxf5 Rxg1+ 27. Kxg1 h5 28. Ne2 Kg6 29. Nd6 Rf8 30. Nf4+ Kh6 31. Nxb7 Rb8 32. Nd6 Rxb2 33. Nxf7+ Kg7 34. Ne5 Rxa2 35. Kg2 a4 36. Nxh5+ Nxh5 37. Nxd7 Nf6 38. Nxf6 Kxf6 39. Rh6+ Kf5 40. Rxc6 Ke4 41. Kg3 Ra1 42. Re6+ Kd3 43. Re5 Kc4 44. e4 dxe4 45. Rxe4 a3 46. Re8 Kxd4 47. Ra8 Kc4 48. f4 Kb3 49. Rb8+ Kc3 50. Rc8+ Kb2 51. Rb8+ Kc2 52. Rc8+ Kd2 53. Rd8+ Kc1 54. Rc8+ Kb2 55. Rb8+ Ka2 56. f5 Rf1 57. Kg4 Rf2 58. Kg5 Rb2 59. Ra8 Rg2+ 60. Kf6 Kb2 61. Ke6 Re2+ 62. Kf7 a2 63. Rxa2+ Kxa2 64. f6 Kb3 65. Kg8 Rg2+ 66. Kf8 Kc4 67. f7 Kd5 68. Ke8 Re2+ 69. Kd7 Rf2 70. Ke8 Re2+ 71. Kd7 Ra2 72. f8=Q Ra7+ 73. Ke8 Ra8+ 74. Kf7 Rxf8+ 75. Kxf8 1/2-1/2


[Site "https://www.chess.com"]

[Event "Titled Tuesday Blitz November 14 Early 2023"]
[White "Purtseladze, Maka"]
[Black "Panchenko, Dmitry"]
[WhiteFideId "13602659"]
[BlackFideId "4169158"]
[WhiteElo "2532"]
[BlackElo "2740"]
[Result "0-1"]
[Round "6"]
[TimeControl "180+1"]
[Date "2023.11.14"]
[WhiteClock "0:00:06"]
[BlackClock "0:00:48"]
[Board "97"]

1. d4 d5 2. c4 dxc4 3. e3 Nf6 4. Bxc4 e6 5. Nf3 a6 6. Qe2 b5 7. Bd3 c5 8. O-O cxd4 9. exd4 Bb7 10. a4 b4 11. Nbd2 Be7 12. Ne4 Nbd7 13. Bf4 O-O 14. Nd6 Bd5 15. Nc4 a5 16. b3 Nb6 17. Rac1 Nxc4 18. Bxc4 Rc8 19. Be5 Bb7 20. Ba6 Qd5 21. Bxb7 Qxb7 22. Qb5 Qa8 23. Nd2 Nd5 24. Nc4 Nc3 25. Qd7 Ne2+ 26. Kh1 Nxc1 27. Rxc1 Bg5 28. f4 Rfd8 29. Qb5 Be7 30. Re1 Rd5 31. Nb6 Rxb5 32. Nxa8 Rb7 0-1


[Site "https://www.chess.com"]

[Event "Titled Tuesday Blitz November 14 Early 2023"]
[White "Nilsen, Tobias Lang"]
[Black "Finek, Vaclav"]
[WhiteFideId "1521624"]
[BlackFideId "23718293"]
[WhiteElo "2530"]
[BlackElo "2689"]
[Result "0-1"]
[Round "6"]
[TimeControl "180+1"]
[Date "2023.11.14"]
[WhiteClock "0:00:12"]
[BlackClock "0:00:14"]
[Board "98"]

1. e4 c5 2. Nf3 g6 3. d4 cxd4 4. Nxd4 Nf6 5. Nc3 Nc6 6. Nxc6 bxc6 7. e5 Ng8 8. Bc4 Bg7 9. Qf3 e6 10. Bf4 Ne7 11. O-O Nd5 12. Ne4 O-O 13. Bxd5 cxd5 14. Nf6+ Bxf6 15. exf6 Qxf6 16. Qg3 Qg7 17. h4 f6 18. Bd6 Re8 19. f4 a5 20. Rf3 Ra6 21. Bc5 Rc6 22. Bd4 d6 23. c3 e5 24. Be3 Bf5 25. Rd1 Be4 26. Rf2 f5 27. Rfd2 a4 28. a3 Rc7 29. Qf2 Rb7 30. fxe5 dxe5 31. Bc5 Rf7 32. Qf1 Rb8 33. Bb4 Qf6 34. Qe1 h6 35. Qg3 Re8 36. Rf1 g5 37. hxg5 hxg5 38. c4 d4 39. Re2 f4 40. Qh3 Rh7 41. Qg4 Bf5 42. Qf3 e4 43. Qf2 e3 44. Qf3 d3 45. Qd5+ Qe6 46. Qxe6+ Bxe6 47. Ree1 d2 48. Bxd2 exd2 49. Rd1 Rd7 50. Rf2 Red8 51. c5 Bg4 52. Rdxd2 Rxd2 53. Rxd2 Rxd2 54. c6 Rxb2 0-1


[Site "https://www.chess.com"]

[Event "Titled Tuesday Blitz November 14 Early 2023"]
[White "Herman, Matthew"]
[Black "Hasangatin, Ramil"]
[WhiteFideId "2028964"]
[BlackFideId "4122160"]
[WhiteElo "2529"]
[BlackElo "2674"]
[Result "0-1"]
[Round "6"]
[TimeControl "180+1"]
[Date "2023.11.14"]
[WhiteClock "0:00:00"]
[BlackClock "0:01:56"]
[Board "99"]

1. e4 d5 2. exd5 Qxd5 3. Nc3 Qd6 4. d4 Nf6 5. Nf3 c6 6. Ne5 Nbd7 7. f4 Nb6 8. g4 g6 9. g5 Nfd5 10. Ne4 Qd8 11. a3 Bg7 12. c4 Nc7 13. Be3 Be6 14. Nc5 Qc8 15. Rc1 O-O 16. h4 Rd8 17. Nxe6 Qxe6 18. Bh3 Qd6 19. h5 Ne6 20. hxg6 hxg6 21. Bxe6 Qxe6 22. Qe2 Qf5 23. Qh2 Qe4 24. Kf2 Rxd4 25. Qh7+ Kf8 26. Rh3 Rad8 27. Rch1 Rd2+ 0-1


[Site "https://www.chess.com"]

[Event "Titled Tuesday Blitz November 14 Early 2023"]
[White "Kovacsy, Barnabas"]
[Black "Nagare Kaivalya Sandip"]
[WhiteFideId "769290"]
[BlackFideId "25957929"]
[WhiteElo "2523"]
[BlackElo "2667"]
[Result "1/2-1/2"]
[Round "6"]
[TimeControl "180+1"]
[Date "2023.11.14"]
[WhiteClock "0:00:01"]
[BlackClock "0:00:04"]
[Board "100"]

1. e4 e5 2. Nf3 Nc6 3. Bb5 Nf6 4. d3 d6 5. O-O Bd7 6. c3 Be7 7. Nbd2 O-O 8. Re1 a6 9. Ba4 Kh8 10. Bc2 Bg4 11. h3 Bh5 12. Nf1 d5 13. Ng3 Bg6 14. exd5 Nxd5 15. Nxe5 Nxe5 16. Rxe5 c6 17. d4 Bd6 18. Re1 Qh4 19. Bxg6 fxg6 20. Qg4 Qf6 21. Ne4 Qf7 22. Be3 Nxe3 23. Rxe3 Bf4 24. Rf3 h5 25. Qh4 Rae8 26. Nd6 Bxd6 27. Rxf7 Rxf7 28. Kf1 Ref8 29. f3 Kh7 30. Re1 Bf4 31. Re4 Bc1 32. Qf2 Rf5 33. b3 a5 34. Qe1 Bg5 35. Re5 Bf6 36. Rxf5 gxf5 37. Qe6 Kg6 38. Ke2 Rf7 39. Kd3 Re7 40. Qd6 h4 41. g3 hxg3 42. Qxg3+ Kf7 43. a3 g5 44. f4 gxf4 45. Qxf4 Kg6 46. h4 Re4 47. Qg3+ Rg4 48. Qf3 Rxh4 49. d5 cxd5 50. Qxd5 Rh3+ 51. Ke2 Rxc3 52. Qxb7 Kg5 53. Qb6 f4 54. Qxa5+ Kg4 55. Qb5 f3+ 56. Kd2 f2 57. Qd7+ Kg3 58. Qd6+ Kg2 59. Qxf6 Rf3 60. Qg5+ Kh2 61. Qh4+ Kg2 62. Qg4+ Rg3 63. Qe4+ Rf3 64. Qg4+ Rg3 65. Qe4+ Rf3 66. Qg6+ Rg3 67. Qe4+ 1/2-1/2


[Site "https://www.chess.com"]

[Event "Titled Tuesday Blitz November 14 Early 2023"]
[White "Hristodoulou, Panagiotis"]
[Black "HeroRubiksCube"]
[WhiteFideId "4214340"]
[WhiteElo "2638"]
[BlackElo "2520"]
[Result "1-0"]
[Round "6"]
[TimeControl "180+1"]
[Date "2023.11.14"]
[WhiteClock "0:02:08"]
[BlackClock "0:01:59"]
[Board "101"]

1. e4 e6 2. d4 d5 3. Nc3 Bb4 4. Ne2 dxe4 5. a3 Bxc3+ 6. Nxc3 Nf6 7. Bg5 Nc6 8. Bb5 Bd7 9. Nxe4 a6 10. Ba4 h6 11. Bxf6 gxf6 12. Qd2 f5 13. Nc5 b6 14. Nxd7 Qxd7 15. d5 exd5 16. Qc3 1-0


[Site "https://www.chess.com"]